 Seeded DCSS version 0.30-a0-718-geaa24f5 (webtiles) character file.

Game seed: 4834285304442767124 (custom seed)

13290418 PurpleRed the Conqueror (level 27, 266/266 HPs)
             Began as a Demonspawn Gladiator on Jan 23, 2023.
             Was the Champion of Cheibriados.
             Escaped with the Orb
             ... and 11 runes on Jan 25, 2023!
             The game lasted 06:20:24 (62984 turns).

PurpleRed the Conqueror (Demonspawn Gladiator)     Turns: 62984, Time: 06:20:24

Health: 266/266    AC: 42    Str: 40 (42) XL:     27
Magic:  41/41      EV: 34    Int: 27 (31) God:    Cheibriados [******]
Gold:   8801       SH:  0    Dex: 33      Spells: 26/54 levels left

rFire   + + .      SeeInvis .    e - +12 battleaxe "Ijump" {freeze, rF+ Will+ Str+3}
rCold   + + .      Faith    .    (shield currently unavailable)
rNeg    + + .      Spirit   .    H - +9 storm dragon scales
rPois   +          Reflect  .    X - +2 hat {Will+}
rElec   +          Harm     .    N - +1 cloak "Juntikku" {rC+ Int+3}
rCorr   .          Rampage  .    U - +1 pair of gloves of Biuxy {rN++}
Will    +++++                    (boots unavailable) Stlth
                                 C - amulet of regeneration
HPRegen 1.44/turn                m - +5 ring of evasion
MPRegen 0.27/turn                r - ring "Puir Ifalies" {Fly rPois rC+}

@: flying, studying 3 skills, very slow
A: hooves 3, rugged brown scales 3, hurl damnation, ignite blood 3, powered by
death 3, torment resistance 1, demonic willpower, horns 2, thin skeletal
structure 1, fire resistance 1, evolution 1
0: Orb of Zot
}: 11/15 runes: decaying, serpentine, slimy, silver, golden, abyssal, demonic,
glowing, magical, fiery, dark
a: Hurl Damnation, Renounce Religion, Bend Time, Temporal Distortion, Slouch,
Step From Time


You escaped.
You worshipped Cheibriados.
Cheibriados was exalted by your worship.
You visited 14 branches of the dungeon, and saw 60 of its levels.
You visited Pandemonium 2 times, and saw 16 of its levels.
You visited the Abyss 2 times.
You visited 1 ziggurat, and saw 13 of its levels.
You also visited: Trove, Ossuary and Volcano.

You collected 11498 gold pieces.
You spent 2697 gold pieces at shops.

Inventory:

Hand Weapons
 a - a +2 executioner's axe of flaming
 e - the +12 battleaxe "Ijump" (weapon) {freeze, rF+ Will+ Str+3}
   (You acquired it on level 1 of the Crypt)

   Str:       It affects your strength (+3).
   rF:        It protects you from fire.
   Will:      It increases your willpower.
 q - a +5 antimagic executioner's axe
Missiles
 l - 5 curare-tipped darts (quivered)
 B - 19 javelins
Armour
 d - +2 ice dragon scales
 p - the +9 crystal plate armour of the Bull {-Tele Fly rC+ Stlth+}
   (You acquired it on level 4 of the Vaults)

   rC:        It protects you from cold.
   Fly:       It grants you flight.
   -Tele:     It prevents most forms of teleportation.
   Stlth:     It makes you more stealthy.
 s - a +1 hat of intelligence
 t - a +0 pair of gloves of strength
 H - +9 storm dragon scales (worn)
 J - a +2 cloak of preservation
 N - the +1 cloak "Juntikku" (worn) {rC+ Int+3}
   (You found it on level 9 of the Dungeon)

   Int:       It affects your intelligence (+3).
   rC:        It protects you from cold.
 P - +7 fire dragon scales
 U - the +1 pair of gloves of Biuxy (worn) {rN++}
   (You found it on level 4 of the Realm of Zot)

   rN:        It greatly protects you from negative energy.
 X - a +2 hat of willpower (worn)
Jewellery
 c - the ring of the Queen {Wiz Dex+4}
   (You found it on level 5 of the Realm of Zot)

   [ring of wizardry]

   It improves your spell success rate.
   Dex:       It affects your dexterity (+4).
 h - a ring of see invisible
 m - a +5 ring of evasion (left hand)
 r - the ring "Puir Ifalies" (right hand) {Fly rPois rC+}
   (You found it on level 11 of a ziggurat)

   [ring of flight]

   rC:        It protects you from cold.
   rPois:     It protects you from poison.
   Fly:       It grants you flight.
 C - an amulet of regeneration (around neck)
 Q - a ring of protection from fire
 W - the ring "Ykkaucal" {rN+ AC+4 Dex+3}
   (You found it on level 15 of the Dungeon)

   [ring of protection]

   AC:        It affects your AC (+4).
   Dex:       It affects your dexterity (+3).
   rN:        It protects you from negative energy.
Wands
 T - a wand of digging (14)
 Y - a wand of iceblast (23)
 Z - a wand of light (30)
Scrolls
 b - a scroll of enchant armour
 f - 4 scrolls of torment
 i - 11 scrolls of amnesia
 n - 17 scrolls of fear
 o - 9 scrolls of fog
 w - a scroll of acquirement
 D - 28 scrolls of teleportation
 I - 5 scrolls of butterflies
 K - 5 scrolls of silence
 L - 8 scrolls of blinking
 M - 13 scrolls of magic mapping
 O - 17 scrolls of enchant weapon
Potions
 g - 11 potions of flight
 j - 8 potions of might
 k - 2 potions of magic
 u - 29 potions of curing
 v - 4 potions of heal wounds
 x - 7 potions of mutation
 z - 17 potions of brilliance
 E - 15 potions of attraction
 G - 3 potions of cancellation
 R - 7 potions of invisibility
 S - a potion of resistance
 V - 4 potions of ambrosia
Miscellaneous
 A - a figurine of a ziggurat


   Skills:
 O Level 27 Fighting
 + Level 24.3 Axes
 - Level 2.6(16.3) Maces & Flails
 - Level 1.7 Throwing
 O Level 27 Armour
 + Level 16.7 Dodging
 - Level 14.0 Spellcasting
 O Level 27 Necromancy
 - Level 16.0 Transmutations
 - Level 14.0 Invocations


You had 26 spell levels left.
You knew the following spells:

 Your Spells              Type           Power      Damage    Failure   Level
a - Statue Form           Tmut/Erth      38%        N/A       26%         6
b - Necromutation         Tmut/Necr      47%        N/A       4%          8
c - Borgnjor's Vile Clut  Necr/Erth      37%        N/A       1%          5
d - Death's Door          Necr           52%        N/A       8%          9

Your spell library contained the following spells:

 Spells                   Type           Power      Damage    Failure   Level
 Beastly Appendage        Tmut           100%       N/A       0%          1
 Necrotise                Necr           100%       1d9       0%          1
 Wereblood                Tmut           81%        N/A       0%          2
 Vampiric Draining        Necr           100%       2d13      0%          3
 Animate Dead             Necr           100%       N/A       0%          4
 Dispel Undead            Necr           100%       3d31      0%          4
 Agony                    Necr           100%       N/A       0%          5
 Death Channel            Necr           52%        N/A       0%          6
 Kiss of Death            Conj/Necr      100%       2d13      1%          1
 Sting                    Tmut/Pois      100%       1d8       1%          1
 Cigotuvi's Dreadful Rot  Necr/Pois/Air  100%       N/A       1%          2
 Passwall                 Tmut/Erth      48%        N/A       1%          2
 Ignite Poison            Fire/Tmut/Pois 47%        N/A       1%          3
 Spider Form              Tmut/Pois      58%        N/A       1%          3
 Anguish                  Hex/Necr       37%        N/A       1%          4
 Ice Form                 Ice/Tmut       58%        N/A       1%          4
 Blade Hands              Tmut           40%        N/A       1%          5
 Borgnjor's Revivificati  Necr           52%        N/A       1%          8
 Simulacrum               Ice/Necr       37%        N/A       2%          6
 Apportation              Tloc           36%        N/A       4%          1
 Foxfire                  Conj/Fire      72%        2x1d7     4%          1
 Freeze                   Ice            72%        1d8       4%          1
 Magic Dart               Conj           72%        1d6       4%          1
 Summon Small Mammal      Summ           72%        N/A       4%          1
 Alistair's Intoxication  Tmut/Pois      38%        N/A       4%          5
 Irradiate                Conj/Tmut      29%        3d21      4%          5
 Yara's Violent Unravell  Hex/Tmut       29%        3d12      4%          5
 Dragon Form              Tmut           40%        N/A       5%          7
 Blink                    Tloc           36%        N/A       7%          2
 Call Imp                 Summ           18%        N/A       7%          2
 Ensorcelled Hibernation  Hex/Ice        36%        N/A       7%          2
 Lesser Beckoning         Tloc           36%        N/A       7%          2
 Momentum Strike          Conj/Tloc      36%        3d9       7%          2
 Poisonous Vapours        Pois/Air       36%        N/A       7%          2
 Scorch                   Fire           36%        2d7       7%          2
 Searing Ray              Conj           36%        2d5       7%          2
 Static Discharge         Conj/Air       36%        2-4/arc   7%          2
 Call Canine Familiar     Summ           18%        N/A       14%         3
 Dazzling Flash           Conj/Hex       36%        N/A       14%         3
 Gell's Gravitas          Tloc           18%        N/A       14%         3
 Hailstorm                Conj/Ice       18%        3d6       14%         3
 Kindle Blastsparks       Fire/Tloc/Air  36%        2d13      14%         3
 Mephitic Cloud           Conj/Pois/Air  18%        N/A       14%         3
 Ozocubu's Armour         Ice            18%        N/A       14%         3
 Portal Projectile        Hex/Tloc       36%        N/A       14%         3
 Summon Guardian Golem    Hex/Summ       18%        N/A       14%         3
 Swiftness                Air            18%        N/A       14%         3
 Teleport Other           Tloc           18%        N/A       14%         3
 Tukima's Dance           Hex            18%        N/A       14%         3
 Vhi's Electric Charge    Tloc/Air       36%        N/A       14%         3
 Eringya's Noxious Bog    Tmut/Pois      29%        N/A       26%         6
 Airstrike                Air            9%         2d(2-18)  43%         4
 Cause Fear               Hex            9%         N/A       43%         4
 Flame Wave               Conj/Fire      18%        2d7       43%         4
 Fulminant Prism          Conj/Hex       9%         3d7       43%         4
 Iskenderun's Mystic Bla  Conj/Tloc      18%        2d6       43%         4
 Leda's Liquefaction      Hex/Erth       9%         N/A       43%         4
 Olgreb's Toxic Radiance  Pois           18%        N/A       43%         4
 Passage of Golubria      Tloc           18%        N/A       43%         4
 Sticky Flame             Conj/Fire      18%        2d4       43%         4
 Summon Ice Beast         Ice/Summ       18%        N/A       43%         4
 Summon Lightning Spire   Summ/Air       18%        N/A       43%         4
 Arcjolt                  Conj/Air       9%         1d19      78%         5
 Fireball                 Conj/Fire      9%         3d6       78%         5
 Freezing Cloud           Conj/Ice/Air   9%         6-21      78%         5
 Lee's Rapid Deconstruct  Erth           9%         3d7*      78%         5
 Lightning Bolt           Conj/Air       9%         1d21      78%         5
 Metabolic Englaciation   Hex/Ice        9%         N/A       78%         5
 Silence                  Hex/Air        9%         N/A       78%         5
 Summon Forest            Summ/Tloc      9%         N/A       78%         5
 Summon Mana Viper        Hex/Summ       18%        N/A       78%         5
 Storm Form               Tmut/Air       29%        N/A       83%         7
 Conjure Ball Lightning   Conj/Air       9%         3x3d6     100%        6
 Iron Shot                Conj/Erth      9%         9d3       100%        6
 Starburst                Conj/Fire      9%         6d5       100%        6
 Summon Cactus Giant      Summ           9%         N/A       100%        6
 Enfeeble                 Hex            9%         N/A       100%        7
 Malign Gateway           Summ/Tloc      9%         N/A       100%        7
 Monstrous Menagerie      Summ           9%         N/A       100%        7
 Ozocubu's Refrigeration  Ice            9%         4d9       100%        7
 Summon Hydra             Summ           9%         N/A       100%        7
 Ignition                 Fire           9%         3d5       100%        8
 Lehudib's Crystal Spear  Conj/Erth      9%         10d4      100%        8
 Maxwell's Capacitive Co  Air            9%         ∞         100%        8
 Summon Horrible Things   Summ           9%         N/A       100%        8
 Dragon's Call            Summ           9%         N/A       100%        9
 Fire Storm               Conj/Fire      9%         8d2       100%        9
 Polar Vortex             Ice            9%         N/A       100%        9


Dungeon Overview and Level Annotations

Branches:
Dungeon (15/15)            Temple (1/1) D:6            Lair (5/5) D:11
  Swamp (4/4) Lair:3        Snake (4/4) Lair:2        Slime (5/5) Lair:4
    Orc (2/2) D:9             Elf (3/3) Orc:2        Vaults (5/5) D:14
  Crypt (3/3) Vaults:2       Tomb (3/3) Crypt:3      Depths (4/4) D:15
   Hell (visited)             Zot (5/5) Depths:4    Ossuary (visited)
Volcano (visited)
    Dis: Hell:1         Geh: Hell:1         Coc: Hell:1         Tar: Hell:1

Altars:
Ashenzari
Cheibriados
Dithmenos
Fedhas
Gozag
Hepliaklqana
Kikubaaqudgha
Makhleb
Nemelex Xobeh
Okawaru
Qazlal
Ru
Sif Muna
Trog
Uskayaw
Vehumet
Wu Jian
Xom
Yredelemnul
Jiyva

Shops:
D:2 (   D:6 *   D:8 :   D:10 (   D:12 (   Orc:2 [([?(   Elf:1 (   Elf:3 (
Snake:4 *::=   Vaults:1 *(:(   Vaults:4 *   Depths:1 [

Portals:
Hell: Depths:1 Depths:2 Depths:3 Depths:4
Abyss: Depths:3
Pandemonium: Depths:2

Annotations:
D:15 Roxanne
Snake:1 2 runed translucent doors, Emuikeogg's ghost, adept BaSu
Zot:5 1 runed translucent door, Jofris Vesimp's ghost, legendary GnFE


Innate Abilities, Weirdness & Mutations

You have hooves in place of feet.
You are completely covered in rugged brown scales. (AC +3, +7% HP)
You can hurl damnation.
Your demonic aura causes all spilled blood to erupt in flames.
You regenerate a lot of health from kills.
You are resistant to unholy torment.
You punish those that try to bend your will. (Will+)
You have a pair of horns on your head.
You have a somewhat thin skeletal structure. (Dex +2, Stealth+)
Your flesh is heat resistant. (rF+)
You have hidden genetic potential.


Message History

(D) Dungeon (T) Temple (L) Lair (S) Swamp (P) Snake Pit (M) Slime Pits (O) Orcish Mines (E) Elven Halls (V) Vaults (C) Crypt (W) Tomb (U) Depths (H) Hell (Z) Zot
Where to? (Enter - D:1, ? - help)
Okay, then.
The Orb Guardian closely misses you. The Orb Guardian hits you!!
You slice the Orb Guardian like a ripe choko!!!
You freeze the Orb Guardian. You kick the Orb Guardian.
You headbutt the Orb Guardian.
The Orb Guardian is severely wounded.
The Orb Guardian hits you but does no damage.
You slice the Orb Guardian like a ripe choko!!!
You freeze the Orb Guardian.
You kill the Orb Guardian!
Cheibriados appreciates the change of pace.
(D) Dungeon (T) Temple (L) Lair (S) Swamp (P) Snake Pit (M) Slime Pits (O) Orcish Mines (E) Elven Halls (V) Vaults (C) Crypt (W) Tomb (U) Depths (H) Hell (Z) Zot
Where to? (Enter - D:1, ? - help)
There is an open door here.
You see here a +0 halberd.
There is a stone staircase leading up here.
You fly upwards.
There is a stone staircase leading down here.
There is a stone staircase leading up here.
You fly upwards.
There is a stone staircase leading down here.
Things that are here:
a +0 club; a +0 dagger
There is a stone staircase leading up here.
You fly upwards.
There is a stone staircase leading down here.
There is a stone staircase leading up here.
You fly upwards.
There is a stone staircase leading down here.
There is an escape hatch in the floor here.
There is a staircase leading out of the dungeon here.
You have escaped!

#..## ##................
#.#.###.###.............
#.##.#.#####...#.#######
#.............##.# ###
#..8############.# ..#####
#..............#.# #.#...#
#..8##...#####.#.#
#.#...####..##.....# #.#.#
#.......##..###.@.## #.#.#######
........##..##.....# #.#........
............8##...#####.#########
###...####..............# # #...#
#..8############ # ##### #####
#.# # #.# # #.# # #.#####


There were no monsters in sight!

Vanquished Creatures
  Cerebov (Pan)
  the Royal Jelly (Slime:5)
  Gloorx Vloq (Pan)
  Lom Lobon (Pan)
  A seraph (Pan)
  Mnoleg (Pan)
  3 ancient liches
  10 orbs of fire
  A juggernaut (Depths:2)
  33 royal mummies
  the Lernaean hydra (Swamp:4)
  Boris (4 times) (Crypt:2 Crypt:3 Depths:1 Depths:3)
  Josephina (Depths:4)
  4 Killer Klowns
  The ghost of Heoriaro the Bludgeoner, a legendary GnFi of Cheibriados (Zot:4)
  Vashnia (Snake:4)
  Xtahua (Crypt:1)
  Geryon (Hell)
  A caustic shrike (Zig:12)
  2 curse toes
  Saint Roka (Orc:2)
  8 golden dragons
  Jory (Crypt:3)
  4 pandemonium lords
  Nikola (Snake:3)
  2 profane servitors
  2 bone dragons
  2 Brimstone Fiends (Pan)
  4 Tzitzimimeh
  3 doom hounds (Depths:2)
  2 hellephants
  5 electric golems
  18 tentacled monstrosities
  5 Hell Sentinels
  12 liches
  2 Ice Fiends
  6 searing wretches
  Grunn (Depths:2)
  Asterion (Snake:1)
  A shard shrike skeleton (Abyss:4)
  5 quicksilver dragons
  27 Orb Guardians
  A deep elf master archer (Elf:3)
  2 walking frostbound tomes
  3 deep elf blademasters
  4 titans
  11 death cobs
  12 acid blobs
  A quicksilver dragon (shapeshifter) (Zig:5)
  A kraken (Abyss:4)
  9 ancient champions
  8 sphinxes
  3 eldritch tentacles
  4 tentacled starspawn
  17 Executioners (Pan)
  Donald (Snake:2)
  18 storm dragons
  5 tengu reavers
  12 shadow dragons
  A thorn hunter (Swamp:4)
  8 nagarajas
  4 demonspawn warmongers (Pan)
  8 fire giants
  A fenstrider witch (Swamp:1)
  6 draconian monks
  A revenant (Crypt:1)
  7 rockslimes
  10 azure jellies
  9 daevas (Pan)
  4 frost giants
  14 vault wardens
  6 ghost moths
  12 deep elf sorcerers
  7 draconian knights
  4 iron dragons
  23 balrugs
  15 ghouls
  A caustic shrike zombie (Crypt:3)
  Aizul (Snake:3)
  7 draconian scorchers
  A juggernaut zombie (Crypt:3)
  10 draconian shifters
  7 cacodemons (Pan)
  7 curse skulls
  8 draconian annihilators
  Louise (D:15)
  5 orc warlords
  4 demonspawn corrupters
  8 ophanim (Pan)
  17 stone giants
  3 deep elf elementalists (Elf:3)
  17 ironbound preservers
  4 spriggan defenders
  12 quicksilver oozes
  2 draconian stormcallers
  3 war gargoyles
  31 very ugly things
  3 demonspawn blood saints
  5 angels (Pan)
  7 eleionomae
  8 deep elf demonologists
  A quicksilver ooze (shapeshifter) (Depths:3)
  12 reapers
  12 ironbound thunderhulks
  6 demonspawn black suns
  6 apis (Pan)
  14 green draconians
  16 vampire knights
  10 bennus
  4 lorocyprocas
  A minotaur (shapeshifter) (Vaults:5)
  9 purple draconians
  12 white draconians
  16 deep elf annihilators
  21 dire elephants
  14 black draconians
  4 bunyips (Swamp:3)
  9 yellow draconians
  7 red draconians
  7 spark wasps
  8 deep elf death magi
  10 blizzard demons
  4 eidola
  12 green deaths
  A crystal guardian (Vaults:2)
  7 fire dragons
  15 ettins
  2 shambling mangroves
  30 mummy priests
  A quicksilver dragon zombie (Crypt:3)
  9 great orbs of eyes
  16 jiangshi
  10 deep elf high priests
  3 peacekeepers
  8 spriggan zombies
  19 hydras
  2 ice dragons (Depths:4)
  A salamander tyrant (Snake:4)
  16 yaktaur captains
  Harold (Orc:1)
  34 vault guards
  5 spriggan air magi
  3 ghost crabs
  The ghost of nrm the Thaumaturge, a journeyman GnEE of Qazlal (D:9)
  7 rakshasas
  2 hell beasts
  An alligator snapping turtle (Zig:4)
  8 centaur warriors
  2 ogre magi
  10 ironbound frosthearts
  Erica (Lair:2)
  35 dancing weapons
  9 alligators
  5 deep troll shamans
  5 two-headed ogres
  59 death scarabs
  2 death knights (Crypt:1)
  A stoker (Hell)
  2 catoblepae
  9 anacondas
  A fenstrider witch skeleton (Crypt:1)
  14 naga warriors
  4 boulder beetles
  8 death yaks
  A hell hog (Abyss:3)
  4 orc high priests (Orc:2)
  7 tengu warriors
  3 deep troll earth magi
  A hell knight (Volcano)
  17 naga sharpshooters
  A storm dragon zombie (Zig:13)
  2 thrashing horrors
  8 vampire magi
  6 shock serpents
  Nergalle (Lair:2)
  6 spriggan berserkers
  Urug (Lair:2)
  An emperor scorpion zombie (Crypt:3)
  Sonja (Lair:5)
  21 soul eaters
  49 sun demons
  15 deep elf knights
  2 iron trolls
  A fire crab (Abyss:4)
  8 shadow wraiths
  35 skeletal warriors
  A golden dragon zombie (Zig:13)
  2 spatial maelstroms
  A spark wasp zombie (Zig:10)
  7 sixfirhies (Pan)
  A death drake (shapeshifter) (Vaults:5)
  A goliath frog (Swamp:3)
  2 salamander mystics (Snake:3)
  56 deep trolls
  2 storm dragon skeletons
  An anaconda zombie (Tomb:2)
  7 bog bodies
  5 glowing orange brains
  5 spriggan druids
  5 shadow demons
  8 flayed ghosts
  12 cherubim (Pan)
  A sea snake (Zig:4)
  A death drake (Zig:7)
  17 orc knights
  A glowing orange brain (shapeshifter) (Depths:3)
  6 lindwurms
  6 naga ritualists
  11 swamp dragons
  3 orange crystal statues (Zig:1)
  A shadow dragon zombie (Crypt:3)
  2 obsidian statues
  23 ironbound convokers
  A fire giant zombie (Depths:2)
  15 wizards
  9 harpies
  An iron dragon zombie (Zig:13)
  19 phantasmal warriors
  2 stone giant zombies
  6 deep elf archers
  2 wolf spider zombies (Crypt:2)
  20 deep elf pyromancers
  41 ugly things
  5 mana vipers
  2 golden dragon skeletons
  3 will-o-the-wisps
  2 necromancers
  A wolf spider (D:14)
  35 deep elf zephyrmancers
  A wolf spider (shapeshifter) (Vaults:5)
  A sphinx zombie (Zig:10)
  8 orc sorcerers
  A shining eye (shapeshifter) (Depths:3)
  2 sphinx skeletons
  5 manticores
  8 cyclopes
  A tengu skeleton (Depths:2)
  12 shining eyes
  9 salamanders
  6 guardian serpents
  A shadow dragon skeleton (Depths:2)
  A worldbinder (Abyss:3)
  2 iron dragon skeletons
  32 moths of wrath
  2 apocalypse crabs
  25 elephants
  5 centaur zombies
  A merfolk siren (Zig:4)
  2 naga zombies
  3 demonic crawlers
  2 torpor snails
  A stone giant skeleton (Pan)
  3 ice statues (Zig:6)
  A frost giant skeleton (Depths:2)
  13 naga magi
  2 black mambas (shapeshifter)
  A water nymph (shapeshifter) (Zig:6)
  2 rust devils
  18 vault sentinels
  A molten gargoyle (Volcano)
  2 gargoyles
  36 black mambas
  A guardian serpent (shapeshifter) (Depths:2)
  A storm dragon simulacrum (Depths:4)
  35 smoke demons
  5 hellions
  An eye of devastation (Abyss:4)
  7 orange demons (Pan)
  A yellow draconian zombie (Crypt:1)
  10 centaur skeletons
  A cane toad (shapeshifter) (D:14)
  3 dire elephant skeletons
  18 cane toads
  10 freezing wraiths
  6 rime drakes
  2 unseen horrors (Pan)
  A kobold demonologist (Depths:3)
  2 ice devils (Hell)
  17 komodo dragons
  11 efreet
  A black draconian skeleton (Crypt:2)
  A human skeleton (Vaults:3)
  41 yaktaurs
  54 guardian mummies
  6 tengu conjurers
  A tormentor (Pan)
  3 ancient zymes
  8 red devils
  A yellow draconian skeleton (Crypt:2)
  3 meliai (D:13)
  4 trolls
  A grey draconian skeleton (Crypt:3)
  5 polar bears
  A polar bear (shapeshifter) (Abyss:4)
  A jumping spider zombie (Crypt:3)
  9 tyrant leeches
  An iron dragon simulacrum (Depths:4)
  13 hornets
  24 hellwings
  A snapping turtle (Zig:4)
  2 harpy skeletons
  14 blink frogs
  A spectral dream sheep (Lair:3)
  A raiju (Abyss:4)
  2 meliai zombies
  12 dream sheep
  A shadow dragon simulacrum (Depths:4)
  2 hydra skeletons
  A fire dragon zombie (Tomb:2)
  89 slime creatures
  A centaur simulacrum (Hell)
  A guardian serpent skeleton (Crypt:1)
  6 air elementals
  26 flying skulls
  6 spriggans
  An ettin skeleton (Pan)
  2 shadows
  10 wraiths
  3 wyverns
  3 starcursed masses (Abyss:4)
  31 ushabtiu
  12 ynoxinuls
  10 water elementals
  6 fire elementals
  A vampire (D:14)
  A fire bat (Volcano)
  A yak (shapeshifter) (D:14)
  47 yaks
  12 chaos spawn
  20 neqoxecs
  4 small abominations
  A golden eye (Slime:5)
  4 steam dragons
  A hog (shapeshifter) (Vaults:5)
  7 vampire mosquitoes
  10 basilisks
  A spatial vortex (Abyss:3)
  11 swamp worms
  3 acid dragons
  3 wargs
  2 hell hounds (Lair:2)
  20 large abominations
  37 nagas
  A demonspawn skeleton (Crypt:3)
  17 water moccasins
  2 floating eyes
  A floating eye (shapeshifter) (Vaults:5)
  An ice beast (D:4)
  10 swamp drakes
  A glowing shapeshifter skeleton (Vaults:3)
  A human zombie (Vaults:3)
  2 hornet zombies (Crypt:2)
  30 orc warriors
  3 black bears
  A black mamba simulacrum (Tomb:1)
  A blink frog zombie (Crypt:3)
  11 ogres
  19 wolves
  A boggart (shapeshifter) (Vaults:5)
  A swamp dragon skeleton (Crypt:2)
  10 boggarts
  4 centaurs
  A tengu (shapeshifter) (Vaults:5)
  2 phantoms
  A hog skeleton (Crypt:2)
  6 kobold brigands
  9 bullfrogs
  4 necrophages
  An elf skeleton (Crypt:1)
  8 scorpions
  3 earth elementals
  A salamander skeleton (Crypt:3)
  7 wights
  A polar bear zombie (Crypt:2)
  A cyclops skeleton (Crypt:3)
  A wolf zombie (Crypt:2)
  4 electric eels
  6 howler monkeys
  3 lava snakes (Volcano)
  8 crimson imps (Pan)
  A quasit (D:5)
  4 hounds
  2 jellies
  13 orc priests
  3 gnoll boudas
  9 iguanas
  3 boggart zombies
  11 hell rats (Hell)
  5 scorpion zombies (Ossuary)
  24 orc wizards
  A boggart skeleton (Crypt:2)
  A deep dwarf skeleton (Crypt:2)
  67 mummies
  12 gnolls
  9 adders
  3 white imps
  An ufetubus (D:5)
  2 worms
  7 dart slugs
  64 orcs
  9 endoplasms
  5 giant cockroaches
  2 gnoll zombies (Ossuary)
  6 goblins
  12 hobgoblins
  8 quokkas
  6 ball pythons
  6 bats
  7 frilled lizards
  A gnoll skeleton (Crypt:2)
  A goblin skeleton (Crypt:3)
  A goblin zombie (Ossuary)
  3 hobgoblin zombies (Ossuary)
  17 kobolds
  A kobold zombie (Ossuary)
  3 orc zombies (Ossuary)
  8 rats
  A spectral kobold (D:5)
  5 ball lightnings (Pan)
  6 briar patches (Swamp:4)
  A creeping inferno (Hell)
  3 fire vortices
  5 starspawn tentacles
  3 tentacles (Abyss:4)
3230 creatures vanquished.

Vanquished Creatures (others)
  A lich (Pan)
  An ancient champion (Tomb:2)
  An eldritch tentacle (Zot:4)
  2 storm dragons
  A draconian knight (Zot:2)
  A deep elf elementalist (Elf:3)
  A vampire knight (Hell)
  2 green deaths (Pan)
  An eidolon (Crypt:3)
  A mummy priest (Tomb:2)
  2 salamander tyrants
  A caustic shrike simulacrum (Depths:4)
  A rakshasa (Pan)
  A naga sharpshooter (Snake:4)
  A deep elf knight (Elf:2)
  An orange crystal statue (Elf:2)
  2 wizards
  A rust devil (Hell)
  An orange demon (Pan)
  A komodo dragon (Zig:12)
  A freezing wraith (Hell)
  A sphinx simulacrum (Depths:4)
  A ynoxinul (Pan)
  A naga (Snake:3)
  3 hell rats (Hell)
  20 ball lightnings (Pan)
  A block of ice (Pan)
  A demonic plant (D:5)
  4 foxfires (Swamp:1)
  21 fungi
  A lurking horror (Abyss:3)
  25 plants
  4 starspawn tentacles (Abyss:3)
  4 tentacles (Abyss:4)
  A withered plant (D:14)
113 creatures vanquished.

Grand Total: 3343 creatures vanquished

Notes
Turn   | Place    | Note
-------+----------+-------------------------------------------
     0 | D:1      | PurpleRed the Demonspawn Gladiator began the quest for the
                  | Orb.
     0 | D:1      | Reached XP level 1. HP: 16/16 MP: 1/1
   144 | D:1      | Gained mutation: You are partially covered in rugged brown
                  | scales. (AC +1, +3% HP) [demonic ancestry]
   144 | D:1      | Reached XP level 2. HP: 16/23 MP: 2/2
   334 | D:1      | Found a faded altar of an unknown god.
   579 | D:1      | Gained mutation: You are mostly covered in rugged brown
                  | scales. (AC +2, +5% HP) [demonic ancestry]
   579 | D:1      | Reached XP level 3. HP: 21/30 MP: 3/3
   933 | D:2      | Reached skill level 1 in Axes
  1292 | D:2      | Found Xuoqon's Weapon Emporium.
  1604 | D:2      | Reached XP level 4. HP: 23/38 MP: 4/4
  2426 | D:3      | Found a snail-covered altar of Cheibriados.
  2460 | D:3      | Became a worshipper of Cheibriados the Contemplative
  2689 | D:3      | Found a bloodstained altar of Trog.
  3069 | D:4      | Noticed a scorpion
  3146 | D:4      | Noticed a phantom
  3163 | D:4      | Killed a phantom
  3164 | D:4      | Reached XP level 5. HP: 40/44 MP: 5/5
  3273 | D:4      | Noticed an ice beast
  3281 | D:4      | Killed an ice beast
  3282 | D:4      | Gained mutation: Your demonic aura sometimes causes spilled
                  | blood to erupt in flames. [demonic ancestry]
  3282 | D:4      | Reached XP level 6. HP: 51/51 MP: 6/6
  3394 | D:4      | Reached * piety under Cheibriados
  3472 | D:4      | Reached skill level 1 in Invocations
  3815 | D:5      | Entered Level 5 of the Dungeon
  3870 | D:5      | Reached skill level 5 in Fighting
  3870 | D:5      | Reached XP level 7. HP: 48/58 MP: 8/8
  3904 | D:5      | Reached skill level 5 in Axes
  4003 | D:5      | Found a sand-covered staircase.
  4018 | Ossuary  | Entered an ossuary
  4274 | Ossuary  | Reached ** piety under Cheibriados
  4278 | Ossuary  | Reached XP level 8. HP: 62/67 MP: 9/11
  4458 | D:5      | Identified the +0 leather armour "Deyxok" {*Corrode Str+3
                  | SInv}
  4484 | D:5      | Found a hazy altar of Hepliaklqana.
  5461 | D:6      | Found a staircase to the Ecumenical Temple.
  5481 | Temple   | Entered the Ecumenical Temple
  5751 | D:6      | Reached *** piety under Cheibriados
  5865 | D:6      | Gained mutation: You have large cloven feet. [demonic
                  | ancestry]
  5865 | D:6      | Reached XP level 9. HP: 57/73 MP: 12/12
  5949 | D:6      | Found Nayh Lung's Gadget Gallery.
  7138 | D:8      | Reached **** piety under Cheibriados
  7242 | D:8      | Found Joewouptu's Book Emporium.
  7673 | D:9      | Identified the +6 dagger of the Real Monster {freeze,
                  | Contam rF+++ Str-5 Int+8}
  7688 | D:9      | Reached skill level 10 in Axes
  8001 | D:8      | Reached XP level 10. HP: 80/86 MP: 13/13
  8109 | D:9      | Reached ***** piety under Cheibriados
  8413 | D:9      | Found a staircase to the Orcish Mines.
  8450 | D:9      | Found a runed translucent door.
  8453 | D:9      | Noticed nrm's ghost (journeyman GnEE)
  9251 | D:10     | Entered Level 10 of the Dungeon
  9751 | D:10     | Noticed a manticore
  9754 | D:10     | Killed a manticore
  9755 | D:10     | Reached skill level 5 in Invocations
  9938 | D:10     | Found an ornate altar of the Wu Jian Council.
  9942 | D:10     | Found a sparkling altar of Nemelex Xobeh.
  9945 | D:10     | Found a shimmering blue altar of Sif Muna.
  9945 | D:10     | Found a sacrificial altar of Ru.
 10077 | D:10     | Found a broken altar of Ashenzari.
 10173 | D:11     | Noticed an elephant
 10186 | D:11     | Gained mutation: You regenerate a little health from kills.
                  | [demonic ancestry]
 10186 | D:11     | Reached XP level 11. HP: 92/94 MP: 15/15
 10195 | D:11     | Found a staircase to the Lair.
 10311 | D:11     | Reached skill level 10 in Fighting
 10728 | D:10     | Found Jaeti's Weapon Emporium.
 10923 | D:11     | Noticed a two-headed ogre
 10927 | D:11     | Killed a two-headed ogre
 11218 | Lair:1   | Entered Level 1 of the Lair of Beasts
 12179 | Lair:2   | Reached ****** piety under Cheibriados
 12181 | Lair:2   | Gained mutation: You regenerate health from kills. [demonic
                  | ancestry]
 12181 | Lair:2   | Reached XP level 12. HP: 67/105 MP: 18/18
 12213 | Lair:2   | Noticed a seven-headed hydra
 12223 | Lair:2   | Killed a seven-headed hydra
 12243 | Lair:2   | Noticed Urug
 12253 | Lair:2   | Killed Urug
 12281 | Lair:2   | Noticed Erica
 12307 | Lair:2   | Killed Erica
 12403 | Lair:2   | Noticed Nergalle
 12419 | Lair:2   | Found a staircase to the Snake Pit.
 12508 | Lair:2   | Found a dark tunnel.
 12517 | Volcano  | Entered a volcano
 12673 | Volcano  | Found a bloodstained altar of Trog.
 12673 | Volcano  | Noticed a centaur warrior
 12678 | Volcano  | Killed a centaur warrior
 12679 | Volcano  | Reached skill level 15 in Axes
 13139 | Lair:2   | Killed Nergalle
 13569 | Lair:3   | Gained mutation: You regenerate a lot of health from kills.
                  | [demonic ancestry]
 13569 | Lair:3   | Reached XP level 13. HP: 104/114 MP: 19/19
 14070 | Lair:3   | Found a staircase to the Swamp.
 14475 | Lair:4   | Reached skill level 5 in Dodging
 14869 | Lair:4   | Found a viscous altar of Jiyva.
 14869 | Lair:4   | Found a staircase to the Slime Pits.
 15063 | Lair:4   | Identified the +4 ring mail of Gluttony {Rampage +Blink
                  | rC+}
 15333 | D:9      | Killed nrm's ghost
 15341 | D:9      | Identified the +1 cloak "Juntikku" {rC+ Int+3}
 15524 | Lair:5   | Entered Level 5 of the Lair of Beasts
 15553 | Lair:5   | Noticed Sonja
 15561 | Lair:5   | Killed Sonja
 15562 | Lair:5   | Gained mutation: You have hoof-like feet. [demonic
                  | ancestry]
 15562 | Lair:5   | Reached XP level 14. HP: 124/124 MP: 14/20
 15701 | Lair:5   | Identified the +1 rapier "Jixkal" {heavy, +Blink rN+ Dex-2}
 16850 | D:12     | Found Udic's Weapon Boutique.
 17109 | Orc:1    | Entered Level 1 of the Orcish Mines
 17342 | Orc:2    | Entered Level 2 of the Orcish Mines
 17342 | Orc:2    | Noticed Saint Roka
 17350 | Orc:2    | Noticed an orc warlord
 17351 | Orc:2    | Killed Saint Roka
 17372 | Orc:2    | Killed an orc warlord
 17544 | Orc:1    | Noticed Harold
 17554 | Orc:1    | Killed Harold
 17831 | Orc:2    | Found Dusib's Armour Shoppe.
 17869 | Orc:2    | Found a staircase to the Elven Halls.
 17992 | Orc:2    | Found Woipieho's Weapon Emporium.
 18046 | Orc:2    | Reached skill level 10 in Invocations
 18079 | Orc:2    | Found Xyt Fuf Fes's Magic Scroll Shop.
 18085 | Orc:2    | Found Ceujiba's Antique Weapon Shop.
 18087 | Orc:2    | Found Baroxtio's Antique Armour Emporium.
 18122 | Orc:2    | Bought a scroll of enchant weapon for 112 gold pieces
 18122 | Orc:2    | Bought a scroll of magic mapping for 112 gold pieces
 18122 | Orc:2    | Bought 3 scrolls of teleportation for 135 gold pieces
 18122 | Orc:2    | Bought a scroll of teleportation for 45 gold pieces
 18122 | Orc:2    | Bought a scroll of teleportation for 45 gold pieces
 18792 | D:13     | Gained mutation: You are completely covered in rugged brown
                  | scales. (AC +3, +7% HP) [demonic ancestry]
 18792 | D:13     | Reached XP level 15. HP: 127/135 MP: 22/22
 19608 | D:14     | Found a gate to the Vaults.
 19647 | D:14     | Reached skill level 15 in Fighting
 20100 | D:14     | Noticed a fire giant
 20273 | D:14     | Killed a fire giant
 20529 | D:15     | Entered Level 15 of the Dungeon
 20668 | D:15     | Identified Roxanne's Directory of the Gestalt
 20668 | D:15     | Noticed Roxanne
 20792 | D:15     | Identified the ring "Ykkaucal" {rN+ AC+4 Dex+3}
 21140 | D:15     | Identified the +1 ring mail of the Spheres {rC+}
 21188 | D:15     | Found a sparkling altar of Nemelex Xobeh.
 21223 | D:15     | Noticed Louise
 21254 | D:15     | Killed Louise
 21432 | D:15     | Found a staircase to the Depths.
 21817 | Snake:1  | Entered Level 1 of the Snake Pit
 21927 | Snake:1  | Found a large runed translucent door.
 21927 | Snake:1  | Found a large runed translucent door.
 21928 | Snake:1  | Noticed Emuikeogg's ghost (adept BaSu)
 21990 | Snake:1  | Noticed Asterion
 22004 | Snake:1  | Killed Asterion
 22005 | Snake:1  | Gained mutation: Your demonic aura often causes spilled
                  | blood to erupt in flames. [demonic ancestry]
 22005 | Snake:1  | Reached XP level 16. HP: 80/147 MP: 17/23
 23018 | Snake:2  | Noticed Donald
 23036 | Snake:2  | Killed Donald
 23296 | Snake:2  | Reached skill level 1 in Armour
 24003 | Snake:3  | HP: 4/148 [naga warrior/+0 battleaxe (28)]
 24046 | Snake:3  | Noticed Nikola
 24058 | Snake:3  | HP: 6/148 [Nikola/arc of chain lightning (60)]
 24071 | Snake:3  | Killed Nikola
 24166 | Snake:3  | Noticed Aizul
 24195 | Snake:3  | Killed Aizul
 24362 | Snake:3  | Identified the +5 long sword "Qaloots" {spect, rC+ Dex+3}
 24674 | Snake:4  | Entered Level 4 of the Snake Pit
 24820 | Snake:4  | Found Eclow's Overcharged Wands.
 24831 | Snake:4  | Reached skill level 5 in Armour
 25031 | Snake:4  | Found Epnas's Jewellery Shop.
 25031 | Snake:4  | Found Boucsow's Book Shoppe.
 25032 | Snake:4  | Found Imaic's Book Shoppe.
 25275 | Snake:4  | Gained mutation: You have hooves in place of feet. [demonic
                  | ancestry]
 25275 | Snake:4  | Reached XP level 17. HP: 145/156 MP: 26/26
 25306 | Snake:4  | Reached skill level 10 in Dodging
 25386 | Snake:4  | Noticed Vashnia
 25417 | Snake:4  | Killed Vashnia
 25462 | Snake:4  | Got a serpentine rune of Zot
 26316 | Vaults:1 | Entered Level 1 of the Vaults
 26362 | Vaults:1 | Found Fyiffoo's Assorted Antiques.
 26388 | Vaults:1 | Bought a scroll labelled LIRIRA WIOGH for 26 gold pieces
 26388 | Vaults:1 | Bought a scroll of silence for 247 gold pieces
 26388 | Vaults:1 | Bought a pair of runed gloves for 195 gold pieces
 26402 | Vaults:1 | Acquired a +5 antimagic executioner's axe
 27369 | Vaults:1 | Found Fipses's Book Shoppe.
 27377 | Vaults:1 | Bought a manual of Armour for 1200 gold pieces
 27595 | Vaults:1 | Found Nuttim's Antique Weapon Shop.
 27618 | Vaults:1 | Bought a runed battleaxe for 247 gold pieces
 27700 | Vaults:1 | Found Qurhaaf's Antique Weapon Emporium.
 27782 | Vaults:2 | Reached XP level 18. HP: 171/171 MP: 27/27
 27869 | Vaults:2 | Found a staircase to the Crypt.
 27869 | Vaults:2 | Found an ancient bone altar of Kikubaaqudgha.
 27870 | Vaults:2 | Found a basalt altar of Yredelemnul.
 28295 | Vaults:2 | Reached skill level 10 in Armour
 29320 | Vaults:3 | Reached XP level 19. HP: 180/180 MP: 28/28
 29504 | Vaults:3 | Paralysed by a great orb of eyes for 5 turns
 29769 | Vaults:3 | Got the Guide on Pyromancy
 31048 | Vaults:4 | Found Hyfuiczu's General Store.
 31063 | Vaults:4 | Bought 2 potions of might for 96 gold pieces
 31063 | Vaults:4 | Acquired the +9 crystal plate armour of the Bull {-Tele Fly
                  | rC+ Stlth+}
 31601 | Swamp:1  | Entered Level 1 of the Swamp
 31686 | Swamp:1  | Identified the +10 mace "Secoxot" {protect, rC+ Will+
                  | Str-2}
 32157 | Swamp:2  | Reached XP level 20. HP: 188/188 MP: 30/30
 32861 | Swamp:4  | Entered Level 4 of the Swamp
 33228 | Swamp:4  | Noticed the 27-headed Lernaean hydra
 33237 | Swamp:4  | Killed the 24-headed Lernaean hydra
 33239 | Swamp:4  | Reached skill level 15 in Armour
 33293 | Swamp:4  | Got a decaying rune of Zot
 33874 | Elf:1    | Entered Level 1 of the Elven Halls
 34050 | Elf:1    | Paralysed by an air elemental for 1 turns
 34242 | Elf:1    | Paralysed by an air elemental for 1 turns
 34245 | Elf:1    | Paralysed by an air elemental for 1 turns
 34256 | Elf:1    | Reached skill level 1 in Spellcasting
 34347 | Elf:1    | Paralysed by an air elemental for 1 turns
 34570 | Elf:1    | Found Egydias's Antique Weapon Shoppe.
 34761 | Abyss:2  | Cast into level 2 of the Abyss (a deep elf sorcerer)
 34871 | Abyss:3  | Gained mutation: You do not regenerate when monsters are
                  | visible. [a neqoxec]
 34911 | Elf:2    | Escaped the Abyss
 35101 | Elf:2    | HP: 6/188 [deep elf annihilator/iron shot[an orange crystal
                  | statue] (63)]
 35331 | Elf:2    | HP: 8/188 [deep elf pyromancer/bolt of fire (14)]
 35346 | Elf:2    | Lost mutation: You do not regenerate when monsters are
                  | visible. [potion of mutation]
 35346 | Elf:2    | Gained mutation: You have a pair of small horns on your
                  | head. [potion of mutation]
 35346 | Elf:2    | Gained mutation: Your movements are slightly less
                  | encumbered by armour. (ER -2) [potion of mutation]
 35435 | Elf:2    | Found a runed translucent gate.
 35435 | Elf:2    | Found a runed translucent gate.
 35435 | Elf:2    | Found a runed translucent gate.
 35552 | Elf:2    | Gained mutation: Your demonic aura causes all spilled blood
                  | to erupt in flames. [demonic ancestry]
 35552 | Elf:2    | Reached XP level 21. HP: 177/195 MP: 31/31
 35634 | Elf:2    | Reached skill level 5 in Spellcasting
 35644 | Elf:2    | HP: 2/195 [something/lance of force (31)]
 35956 | Elf:2    | Paralysed by an air elemental for 1 turns
 36090 | Elf:3    | Entered Level 3 of the Elven Halls
 36149 | Elf:3    | Found Ephum Fadul's Antique Weapon Shoppe.
 36157 | Elf:3    | Bought a glowing battleaxe for 237 gold pieces
 36850 | Elf:3    | Identified the +4 arbalest "Dovead" {drain, Will++}
 36868 | Elf:3    | Identified the amulet of the Cricket {Faith rC+}
 36872 | Elf:3    | Identified the +0 leather armour of Weirdness {Drain rPois
                  | rC- rCorr}
 37388 | Elf:3    | Learned a level 6 spell: Statue Form
 37727 | Crypt:1  | Entered Level 1 of the Crypt
 37779 | Crypt:1  | Reached skill level 1 in Transmutations
 37941 | Crypt:1  | Acquired the +12 battleaxe "Ijump" {freeze, rF+ Will+
                  | Str+3}
 38388 | Crypt:1  | Noticed Xtahua
 38394 | Crypt:1  | Killed Xtahua
 39119 | Crypt:2  | Noticed Boris
 39133 | Crypt:2  | Killed Boris
 39144 | Crypt:2  | Reached skill level 5 in Transmutations
 39375 | Crypt:2  | Reached XP level 22. HP: 203/203 MP: 35/35
 39420 | Crypt:2  | Found the +9 sword of Zonguldrok {reap}
 39578 | Crypt:3  | Entered Level 3 of the Crypt
 39592 | Crypt:3  | Reached skill level 10 in Spellcasting
 39592 | Crypt:3  | Noticed Boris
 39618 | Crypt:3  | Killed Boris
 39787 | Crypt:3  | Found a staircase to the Tomb.
 40158 | Crypt:3  | Found a basalt altar of Yredelemnul.
 40238 | Crypt:3  | Reached skill level 10 in Transmutations
 40369 | Crypt:3  | Noticed Jory
 40388 | Crypt:3  | Killed Jory
 40494 | Crypt:3  | Identified the +7 broad axe of the Evening {flame, Drain
                  | rCorr Str-5 Dex+8}
 40498 | Crypt:3  | Got the Papyrus of the Crypt
 40525 | Crypt:3  | Identified the +4 ring mail "Jeawye" {Harm Str+3}
 40536 | Crypt:3  | Learned a level 8 spell: Necromutation
 40744 | Vaults:5 | Entered Level 5 of the Vaults
 40750 | Vaults:5 | Reached skill level 1 in Necromancy
 40778 | Vaults:5 | Reached skill level 5 in Necromancy
 40801 | Vaults:5 | Noticed an ancient lich
 40810 | Vaults:5 | Killed an ancient lich
 40811 | Vaults:5 | Reached XP level 23. HP: 209/209 MP: 12/37
 40852 | Vaults:5 | Got a silver rune of Zot
 40855 | Vaults:5 | Identified the +2 plate armour of Ogaoxuck {Dex+3}
 40894 | Vaults:5 | Gained mutation: You punish those that try to bend your
                  | will. (Will+) [demonic ancestry]
 40894 | Vaults:5 | Reached XP level 24. HP: 218/218 MP: 37/37
 40917 | Vaults:5 | Identified the +6 scale mail "Reudwec" {-Cast rElec Int-4
                  | Dex+5}
 40925 | Vaults:5 | Identified the +6 quarterstaff "Qazuil" {heavy, Fragile
                  | rElec rPois SInv}
 41045 | Vaults:5 | Identified the +3 ring mail of the Loofah {Slay+3}
 41079 | Vaults:5 | Identified the +1 robe of the Gastropod {Contam rPois Str+5
                  | Int+4 SInv}
 41119 | Vaults:5 | Reached skill level 10 in Necromancy
 41317 | Vaults:5 | Identified the +1 shortbow of Prudence {drain, rElec}
 42126 | Depths:1 | Entered Level 1 of the Depths
 42126 | Depths:1 | Noticed Boris
 42138 | Depths:1 | Killed Boris
 42242 | Depths:1 | Found an ornate altar of the Wu Jian Council.
 42276 | Depths:1 | Found a stormy altar of Qazlal.
 42403 | Depths:1 | Found a portal to a secret trove of treasure.
 42416 | Depths:1 | You paid a toll of 6 scrolls of fog to enter a treasure
                  | trove
 42417 | Trove    | Entered a treasure trove
 42420 | Trove    | Found the +3 salamander hide armour {Flames, rFlCloud rF++
                  | rC--}
 42422 | Trove    | Found the +2 shield of Resistance {rF++ rC++ Will++}
 42430 | Trove    | Identified the +2 cloak of Fabulous Wonder {Regen+}
 42434 | Trove    | Identified the +0 plate armour of Resonance {Rampage rC+}
 42436 | Trove    | Identified the +0 robe of Compression {rF+ Will+ Int+3}
 42438 | Trove    | Identified the +1 plate armour "Necif" {rPois Str+2 Dex+3
                  | Stlth+}
 42440 | Trove    | Identified the +2 chain mail "Mirich" {*Corrode rC+ Will++
                  | Regen+}
 42442 | Trove    | Identified the +0 kite shield of the Loofah {rF+ rC+ Int+2}
 42446 | Trove    | Identified the +6 crystal plate armour of Rusiarao {rC-
                  | Str-5 Slay+5 Stlth+}
 42452 | Trove    | Upgraded the game from 0.30-a0-715-gdb4ae3e to
                  | 0.30-a0-718-geaa24f5
 42650 | Depths:1 | Found Urha's Armour Boutique.
 42747 | Depths:1 | Found a gateway to Hell.
 43069 | Depths:2 | Noticed Grunn
 43080 | Depths:2 | Killed Grunn
 43137 | Depths:2 | Learned a level 5 spell: Borgnjor's Vile Clutch
 43327 | Depths:2 | Found a one-way gate leading to the halls of Pandemonium.
 43773 | Depths:2 | Noticed a juggernaut
 43784 | Depths:2 | Killed a juggernaut
 44297 | Depths:3 | Identified the +3 scale mail "Goeduh" {Drain rN++}
 44339 | Depths:3 | Gained mutation: You are resistant to unholy torment.
                  | [demonic ancestry]
 44339 | Depths:3 | Reached XP level 25. HP: 217/224 MP: 39/39
 44449 | Depths:3 | You are sucked into a shaft and drop 1 floor!
 44449 | Depths:4 | Entered Level 4 of the Depths
 44449 | Depths:4 | Found a one-way gateway to a ziggurat.
 44682 | Depths:4 | Found a gate to the Realm of Zot.
 45212 | Depths:4 | Found a broken altar of Ashenzari.
 45308 | Depths:4 | Identified the ring of Interdependent Arising {Ice rPois
                  | rCorr Str-4 Slay+2}
 45308 | Depths:4 | Noticed Josephina
 45321 | Depths:4 | Killed Josephina
 45322 | Depths:4 | Reached skill level 15 in Necromancy
 45810 | Depths:3 | Found a one-way gate to the infinite horrors of the Abyss.
 46039 | Depths:3 | Found a hide-covered altar of Uskayaw.
 46244 | Depths:3 | Found the necklace of Bloodlust {Fury *Rage Will++ Int-3
                  | Slay+6}
 46249 | Depths:3 | Identified the ring of Wishful Thinking {Will+ MP+9}
 46250 | Depths:3 | Identified the +9 short sword "Gukouta" {freeze, rF+}
 46743 | Zot:1    | Entered Level 1 of the Realm of Zot
 46743 | Zot:1    | Noticed an orb of fire
 46857 | Depths:4 | Killed an orb of fire
 47474 | Zot:1    | You fall into a shaft and drop 1 floor!
 47512 | Zot:2    | Noticed an orb of fire
 47520 | Zot:2    | Gained mutation: You are vulnerable to cold. (rC-) [an orb
                  | of fire]
 47524 | Zot:2    | Gained mutation: You sometimes lose your temper in combat.
                  | [an orb of fire]
 47530 | Zot:2    | Killed an orb of fire
 47531 | Zot:2    | Lost mutation: You sometimes lose your temper in combat.
                  | [potion of mutation]
 47531 | Zot:2    | Lost mutation: Your movements are slightly less encumbered
                  | by armour. (ER -2) [potion of mutation]
 47531 | Zot:2    | Lost mutation: You are vulnerable to cold. (rC-) [potion of
                  | mutation]
 47531 | Zot:2    | Gained mutation: You have hidden genetic potential. [potion
                  | of mutation]
 47531 | Zot:2    | Gained mutation: Your flesh is heat resistant. (rF+)
                  | [potion of mutation]
 47531 | Zot:2    | Gained mutation: You have a pair of horns on your head.
                  | [potion of mutation]
 48765 | Zot:2    | Gained mutation: You can hurl damnation. [demonic ancestry]
 48765 | Zot:2    | Reached XP level 26. HP: 191/233 MP: 41/41
 48793 | Zot:2    | Reached skill level 15 in Transmutations
 49304 | Zot:3    | Noticed an orb of fire
 49306 | Zot:3    | Gained mutation: You have a somewhat thin skeletal
                  | structure. (Dex +2, Stealth+) [an orb of fire]
 49320 | Zot:3    | Killed an orb of fire
 49321 | Zot:3    | Noticed an orb of fire
 49332 | Zot:3    | Killed an orb of fire
 49472 | Zot:3    | Identified the +9 flail of the Contumacious God {freeze,
                  | rC+ Str+3 Int-2}
 50285 | Zot:4    | Found a runed translucent gate.
 50285 | Zot:4    | Found a runed translucent gate.
 50287 | Zot:4    | Found a runed translucent gate.
 50287 | Zot:4    | Noticed Heoriaro's ghost (legendary GnFi)
 50511 | Zot:4    | Identified the +6 trident "Puebly" {vamp, rCorr Str+3}
 51127 | Zot:4    | Killed Heoriaro's ghost
 51209 | Zot:4    | Identified the +1 pair of gloves of Biuxy {rN++}
 51291 | Zot:5    | Entered Level 5 of the Realm of Zot
 51302 | Zot:5    | Identified the ring of the Queen {Wiz Dex+4}
 51312 | Zot:5    | Found a runed translucent door.
 51312 | Zot:5    | Found a shimmering altar of Xom.
 51312 | Zot:5    | Noticed Jofris Vesimp's ghost (legendary GnFE)
 51312 | Zot:5    | Identified the +8 war axe "Erchix" {chaos, *Rage Str+5
                  | Dex+2}
 52064 | Slime:1  | Entered Level 1 of the Pits of Slime
 52360 | Slime:5  | Entered Level 5 of the Pits of Slime
 52370 | Slime:5  | Paralysed by a floating eye for 3 turns
 52582 | Slime:5  | Reached XP level 27. HP: 239/239 MP: 31/41
 52681 | Slime:5  | Found a viscous altar of Jiyva.
 52682 | Slime:5  | Noticed the Royal Jelly
 52699 | Slime:5  | Killed the Royal Jelly
 52735 | Slime:5  | Got a slimy rune of Zot
 52756 | Slime:5  | Got the Encyclopedia of Polluted Angles
 52761 | Slime:5  | Identified the +3 chain mail "Iror" {Fly rPois Will+ Int-2}
 52788 | Slime:5  | Got the Papyrus of the Grave and Breath
 52826 | Slime:5  | Got Sehoy's Teachings on Burning
 53213 | Tomb:1   | Entered Level 1 of the Tomb of the Ancients
 53382 | Tomb:1   | Noticed a royal mummy
 53388 | Tomb:1   | Noticed a royal mummy
 53394 | Tomb:1   | Killed a royal mummy
 53394 | Tomb:1   | Noticed a royal mummy
 53406 | Tomb:1   | Killed a royal mummy
 53415 | Tomb:1   | Killed a royal mummy
 53706 | Tomb:1   | Identified the +7 flail of Maopnoox {flame, Stlth+}
 54101 | Tomb:2   | Noticed a royal mummy
 54103 | Tomb:2   | Noticed a royal mummy
 54107 | Tomb:2   | Noticed a royal mummy
 54110 | Tomb:2   | Noticed a royal mummy
 54119 | Tomb:2   | Killed a royal mummy
 54125 | Tomb:2   | Killed a royal mummy
 54127 | Tomb:2   | Killed a royal mummy
 54129 | Tomb:2   | Killed a royal mummy
 54175 | Tomb:2   | Reached skill level 15 in Dodging
 54514 | Tomb:1   | Noticed a royal mummy
 54516 | Tomb:1   | Noticed a royal mummy
 54522 | Tomb:1   | Killed a royal mummy
 54529 | Tomb:1   | Killed a royal mummy
 54530 | Tomb:1   | Noticed a royal mummy
 54532 | Tomb:1   | Noticed a royal mummy
 54535 | Tomb:1   | Killed a royal mummy
 54539 | Tomb:1   | Noticed a royal mummy
 54544 | Tomb:1   | Killed a royal mummy
 54549 | Tomb:1   | Killed a royal mummy
 54591 | Tomb:1   | Noticed a royal mummy
 54598 | Tomb:1   | Killed a royal mummy
 54714 | Tomb:1   | Noticed a royal mummy
 54722 | Tomb:1   | Noticed a royal mummy
 54729 | Tomb:1   | Killed a royal mummy
 54735 | Tomb:1   | Killed a royal mummy
 54736 | Tomb:1   | Noticed a royal mummy
 54744 | Tomb:1   | Killed a royal mummy
 54812 | Tomb:1   | Noticed a royal mummy
 54819 | Tomb:1   | Noticed a royal mummy
 54824 | Tomb:1   | Killed a royal mummy
 54834 | Tomb:1   | Killed a royal mummy
 54844 | Tomb:1   | Noticed a royal mummy
 54847 | Tomb:1   | Noticed a royal mummy
 54849 | Tomb:1   | Noticed a royal mummy
 54858 | Tomb:1   | Killed a royal mummy
 54860 | Tomb:1   | Killed a royal mummy
 54863 | Tomb:1   | Killed a royal mummy
 55187 | Tomb:3   | Entered Level 3 of the Tomb of the Ancients
 55232 | Tomb:3   | Noticed a royal mummy
 55246 | Tomb:3   | Paralysed by a Zot trap for 3 turns
 55246 | Tomb:3   | Noticed a royal mummy
 55250 | Tomb:3   | Killed a royal mummy
 55256 | Tomb:3   | Killed a royal mummy
 55285 | Tomb:3   | Noticed a royal mummy
 55288 | Tomb:3   | Noticed a royal mummy
 55297 | Tomb:3   | Killed a royal mummy
 55308 | Tomb:3   | Killed a royal mummy
 55321 | Tomb:3   | Noticed a royal mummy
 55325 | Tomb:3   | Noticed a royal mummy
 55328 | Tomb:3   | Noticed a royal mummy
 55334 | Tomb:3   | Killed a royal mummy
 55343 | Tomb:3   | Killed a royal mummy
 55354 | Tomb:3   | Killed a royal mummy
 55365 | Tomb:3   | Noticed a royal mummy
 55366 | Tomb:3   | Noticed a royal mummy
 55380 | Tomb:3   | Killed a royal mummy
 55381 | Tomb:3   | Killed a royal mummy
 55555 | Tomb:3   | Identified the +0 pair of boots of Pandemonium {rF+}
 55681 | Tomb:3   | Found the +18 shield of the Gong {Loud rElec rN+ Will+
                  | EV-5}
 55684 | Tomb:3   | Found the +2 cloak of the Thief {*Fog Slay-2 SInv Stlth+}
 55699 | Tomb:3   | Identified the +6 war axe of Qaraunt {protect, *Slow rPois
                  | rF+ Dex+2}
 55720 | Tomb:3   | Got Xazerph's Collected Works on the Terrestrial Winter
 55765 | Tomb:3   | Got Sif Muna's Monograph on the Snake and Open Graves
 55806 | Tomb:3   | Learned a level 9 spell: Death's Door
 55879 | Tomb:3   | Got a golden rune of Zot
 56404 | Hell     | Entered the Vestibule of Hell
 56404 | Hell     | Noticed Geryon
 56502 | Hell     | Killed Geryon
 56679 | Zig:1    | Entered Level 1 of a ziggurat
 56710 | Zig:2    | Entered Level 2 of a ziggurat
 56722 | Zig:2    | Identified the +10 halberd of the Bespelling Salmon {heavy,
                  | Stlth+}
 56730 | Zig:3    | Entered Level 3 of a ziggurat
 56751 | Zig:4    | Entered Level 4 of a ziggurat
 56784 | Zig:5    | Entered Level 5 of a ziggurat
 56806 | Zig:5    | Identified the +9 flail "Thing" {heavy, rPois rC+}
 56818 | Zig:6    | Entered Level 6 of a ziggurat
 56849 | Zig:6    | Identified the +7 mace of Departure {heavy, Str+3 Int+3}
 56851 | Zig:6    | Identified the +1 whip of Xeitat {speed, Fragile rPois rC-
                  | Str+5}
 56852 | Zig:6    | Identified the +2 arbalest of Qacrasij {freeze, rF+ rN+
                  | rCorr}
 56861 | Zig:7    | Entered Level 7 of a ziggurat
 56896 | Zig:7    | Got the Catalogue of the Stormy Burn
 56908 | Zig:8    | Entered Level 8 of a ziggurat
 56973 | Zig:9    | Entered Level 9 of a ziggurat
 57008 | Zig:9    | Identified the +10 bardiche "Zuenonij" {holy, rElec Int+2
                  | Dex+6 Stlth+}
 57012 | Zig:9    | Got Sif Muna's Tractate on Airy Stolen Souls
 57028 | Zig:10   | Entered Level 10 of a ziggurat
 57034 | Zig:10   | Noticed a royal mummy
 57036 | Zig:10   | Noticed a royal mummy
 57043 | Zig:10   | Killed a royal mummy
 57052 | Zig:10   | Killed a royal mummy
 57070 | Zig:10   | Got the Parchment of Graupel
 57101 | Zig:11   | Entered Level 11 of a ziggurat
 57111 | Zig:11   | Noticed Uferalux the pandemonium lord
 57127 | Zig:11   | Killed Uferalux the pandemonium lord
 57162 | Zig:11   | Identified the ring "Puir Ifalies" {Fly rPois rC+}
 57164 | Zig:11   | Identified the +5 ring mail of Springtime {rC+ rCorr}
 57248 | Zig:12   | Entered Level 12 of a ziggurat
 57324 | Zig:13   | Entered Level 13 of a ziggurat
 57340 | Zig:13   | Noticed a royal mummy
 57359 | Zig:13   | Killed a royal mummy
 57409 | Zig:13   | Identified the +6 great sword "Anygatow" {flame, rC+ Int+4}
 57513 | Pan      | Entered Pandemonium
 57513 | Pan      | Noticed a seraph
 57526 | Pan      | Killed a seraph
 57607 | Pan      | Got a demonic rune of Zot
 57611 | Pan      | Identified the +2 plate armour of Beogh's Displeasure
                  | {Regen+ Int+2}
 57975 | Depths:2 | Escaped Pandemonium
 57979 | Pan      | Entered the realm of Gloorx Vloq.
 57979 | Pan      | Entered Pandemonium
 58081 | Pan      | Noticed Gloorx Vloq
 58100 | Pan      | Killed Gloorx Vloq
 58189 | Pan      | Got a dark rune of Zot
 58489 | Pan      | Found an exit through the horrors of the Abyss.
 58673 | Pan      | Noticed Hipuluonk the pandemonium lord
 58696 | Pan      | Killed Hipuluonk the pandemonium lord
 58732 | Pan      | Got the Quarto of the Sky
 58867 | Pan      | Noticed Qeh Pum the pandemonium lord
 58876 | Pan      | Killed Qeh Pum the pandemonium lord
 59037 | Pan      | Identified the +1 dagger "Hellblazer" {heavy, Dex+2}
 59199 | Pan      | Entered the realm of Lom Lobon.
 59405 | Pan      | Noticed Lom Lobon
 59591 | Pan      | Found an exit through the horrors of the Abyss.
 59688 | Pan      | Reached skill level 27 in Fighting
 60142 | Pan      | Killed Lom Lobon
 60252 | Pan      | Got a magical rune of Zot
 60365 | Pan      | Entered the realm of Mnoleg.
 60523 | Pan      | Noticed Mnoleg
 60547 | Pan      | Killed Mnoleg
 60562 | Pan      | Got a glowing rune of Zot
 60612 | Pan      | Entered the realm of Cerebov.
 60744 | Pan      | Identified the +3 eveningstar of Loehoble {heavy, rF- Will+
                  | Int+6}
 60939 | Pan      | Identified the +0 crystal plate armour of Efakkyar {Will+
                  | Int+4 Dex+3}
 61016 | Pan      | Identified the +2 robe of Waevuz {Slay+2}
 61025 | Pan      | Found the +6 sword of Cerebov {flame}
 61025 | Pan      | Noticed Cerebov
 61078 | Pan      | Killed Cerebov
 61079 | Pan      | Reached skill level 27 in Necromancy
 61299 | Pan      | Found an exit through the horrors of the Abyss.
 61448 | Pan      | Got a fiery rune of Zot
 61673 | Pan      | Took an exit into the Abyss.
 61673 | Abyss:3  | Escaped into the Abyss
 61724 | Abyss:4  | Got an abyssal rune of Zot
 61847 | Abyss:4  | Paralysed by accursed screaming for 1 turns
 61938 | Depths:2 | Escaped the Abyss
 62118 | Zot:5    | Noticed an ancient lich
 62125 | Zot:5    | Killed an ancient lich
 62126 | Zot:5    | Noticed an orb of fire
 62131 | Zot:5    | Noticed an orb of fire
 62132 | Zot:5    | Noticed an orb of fire
 62139 | Zot:5    | Noticed an ancient lich
 62143 | Zot:5    | Killed an orb of fire
 62144 | Zot:5    | Noticed an orb of fire
 62144 | Zot:5    | Noticed an orb of fire
 62149 | Zot:5    | Noticed an orb of fire
 62151 | Zot:5    | Killed an orb of fire
 62156 | Zot:5    | Killed an orb of fire
 62166 | Zot:5    | Killed an orb of fire
 62167 | Zot:5    | Killed an orb of fire
 62169 | Zot:5    | Killed an orb of fire
 62172 | Zot:5    | Killed an ancient lich
 62261 | Zot:5    | Reached skill level 27 in Armour
 62349 | Zot:5    | Got the Orb of Zot
 62512 | Zot:2    | Noticed Bybb the pandemonium lord
 62566 | Depths:3 | Noticed Boris
 62574 | Depths:3 | Killed Boris
 62662 | D:15     | Noticed Houdoade the pandemonium lord
 62676 | D:15     | Killed Houdoade the pandemonium lord
 62984 | D:$      | Escaped with the Orb!

Illustrated notes

Levels and vault maps discovered:
D:1:      psy_arrival_basics, layout_loops_ring,
          hellmonk_ecumenical_altar_crossroads
D:2:      layout_basic, serial_shops, shop
D:3:      layout_loops_corners, trog_book, slow_altar_1, saegor_snake_ambush
D:4:      layout_loops_ring
D:5:      layout_gridville, nicolae_hepliaklqana_monster_ancestors,
          serial_demonic, serial_demonic_f, serial_demonic_d, serial_demonic_b,
          serial_demonic_f, serial_demonic_c, serial_demonic_b,
          serial_demonic_g, gup_ossuary_entry_pyramid, kennysheep_nub
D:6:      layout_basic, temple_fountains, serial_bayou_ford_a,
          hellmonk_bongcloud_opening, hangedman_abyss_or_decor_stagger,
          nicolae_shop_gadgets
D:7:      layout_loops_ring
D:8:      layout_basic, serial_shops, shop, minmay_manual_moon
D:9:      layout_layer_cave, erik_orc_4, ebering_ghost_reflecting_pool
D:10:     layout_basic, nicolae_overflow_hallway_of_the_gods, serial_shops, shop
D:11:     layout_loops_ring, david_lair_generic
D:12:     layout_irregular_city, serial_shops, nicolae_shop_statue_plus
D:13:     layout_stronghold
D:14:     evilmike_diamond_2, layout_rooms, lightli_vaults_fourway_checkpoint,
          serial_undead, serial_undead_f, serial_undead_f, serial_undead_e,
          serial_undead_c, dreamdust_princess_bridge
D:15:     grunt_enter_depths_snipers, layout_basic, nemelex_spade_bored_becter,
          uniq_roxanne, uniq_louise
Temple:   nicolae_temple_bog_church
Lair:1:   layout_hall_layers, dreamdust_gnoll_shepherd
Lair:2:   beast_lair_carwin_large_2, layout_small_grid,
          minmay_snake_entry_guardpost_small, enter_volcano_3, uniq_urug,
          uniq_erica, uniq_nergalle
Lair:3:   beast_lair_carwin_large_4, layout_regular_city,
          nicolae_swamp_entry_spooky
Lair:4:   layout_regular_city, dpeg_slime_entry_enclosed
Lair:5:   grunt_lair_end_beastmaster, layout_cave_shapes, grunt_megastairs_3,
          lemuel_fruit_tree, uniq_sonja
Swamp:1:  layout_basic_swamp, evilmike_swamp_ruin_house_4, swamp_pool3
Swamp:2:  layout_falls_marsh, hangedman_swamp_lotus
Swamp:3:  layout_basic_swamp, evilmike_swamp_ruin_rubble_1
Swamp:4:  swamp_old_school, layout_basic_swamp, swamp_pool3
Snake:1:  layout_misc_corridors, ebering_ghost_disaster_area, uniq_asterion
Snake:2:  layout_onion, uniq_donald
Snake:3:  layout_gridlike, st_stairs_3, serial_bayou_shore_b, uniq_aizul,
          uniq_nikola
Snake:4:  grunt_snake_rune_serpentine_throne, layout_chambers,
          nicolae_snake_gridmaze_squiggle, nicolae_shop_overcharged_wands,
          minmay_shop_grove
Slime:1:  layout_caves
Slime:2:  layout_caves
Slime:3:  layout_caves, nicolae_slime_phagocytosis
Slime:4:  layout_caves, uniq_dissolution
Slime:5
Orc:1:    layout_caves, basic_altar, uniq_harold
Orc:2:    st_orc_elflike, layout_diamond_mine, basic_altar, serial_shops,
          nicolae_shop_stone, uniq_saint_roka
Elf:1:    minmay_elf_arrival_circle, layout_gridlike, serial_shops,
          nicolae_shop_statue_plus, hangedman_elf_represent,
          dreamdust_mushroom_princess
Elf:2:    elven_hall_of_blades_hangedman_original
          [nicolae_blade_entry_hurt_lockers], layout_onion_city,
          nicolae_concentric_dashed_squares_wild, drop_trap, minivault_16,
          minivault_26, chequers_hall_statues_wall_a
Elf:3:    nooodl_elf_gasket, layout_geoelf_castle, serial_shops, shop
Vaults:1: grunt_vaults_swirl, v_rooms_6, ontoclasm_vaults_ligature,
          vaults_room_corners, nicolae_vaults_network_periphery,
          nicolae_vaults_specimen_jars, v_misc_29, v_misc_23,
          vaults_dpeg_diagonal, layout_vaults_quadrants, serial_shops,
          shop_coins, shop, shop_fountains, nicolae_shop_hallway_plus
Vaults:2: nicolae_vaults_network_s, minmay_crypt_entry_necro_gods, v_rooms_5,
          nicolae_vaults_fighting_squares, v_misc_12, v_misc_19,
          nicolae_vaults_hallways_thing, v_rooms_5, nicolae_vaults_big_ls,
          ontoclasm_vaults_twist, ontoclasm_vaults_decontamination,
          layout_vaults_ring
Vaults:3: hangedman_vaults_stretched_pinwheel, hangedman_vaults_variations,
          hangedman_vaults_impose, nicolae_vaults_alarming, grunt_vaults_focal,
          ontoclasm_vaults_ring_square, nicolae_vaults_bisected_exclaves,
          nicolae_vaults_what_the_h, v_misc_13, vaults_mumra_chevron,
          vaults_room_door_hall, serial_ice_h, vaults_mumra_minichess_inversion,
          layout_vaults_omnibox
Vaults:4: v_pattern_4, hangedman_vaults_trim, ontoclasm_vaults_ring_small,
          v_misc_9, ontoclasm_vaults_shuriken, ontoclasm_vaults_fault,
          hangedman_vaults_stitches, layout_vaults_big_room, serial_shops, shop
Vaults:5
Crypt:1:  layout_basic, grunt_crypt_arrival_split, uniq_xtahua
Crypt:2:  layout_regular_city, minmay_guarded_unrand_zonguldrok, uniq_boris
Crypt:3:  church_of_pain_bobbens, layout_chaotic_city
Tomb:1
Tomb:2
Tomb:3
Depths:1: minmay_glassy_protrusions, layout_long_grid,
          nicolae_trove_entry_free_sample, nicolae_qazlal_general_emergency,
          serial_shops, shop, pf_dread_powers_of_hell,
          amcnicky_mini_rare_corridor_liquid, hangedman_decor_opposing,
          nicolae_wu_jian_immortal_techniques
Depths:2: cell_vault, layout_basic, serial_sigils,
          serial_sigils_hangedman_stare, serial_sigils_hangedman_carve,
          serial_sigils_hangedman_quiver, serial_sigils_hangedman_quiver,
          pf_coc_iceberg, hangedman_decor_diamond_cutter, pan_entry,
          minmay_strange_pillars, elyvilon_altar_5, uniq_grunn
Depths:3: kennysheep_large_spiral, layout_cave_shapes, hell_entry,
          nicolae_uskayaw_murder_on_the_dancefloor, marbit_kobold_abyss_entry,
          infiniplex_staircase_pillars_1
Depths:4: grunt_zot_entry_funnels, layout_gridlike, ziggurat_fallback,
          cheibrodos_ashenzari_chains, hangedman_tar_grid_catacomb,
          uniq_josephina
Hell
Zot:1:    layout_gridlike, evilmike_ambush [evilmike_ambush_outer_pillars,
          evilmike_ambush_inner_basic]
Zot:2:    grunt_deathspiral_small, layout_onion
Zot:3:    layout_onion
Zot:4:    layout_basic, gammafunk_ghost_tricky_traps
Zot:5:    layout_misc_corridors, ebering_ghost_xom

Skill      XL: |  1  2  3  4  5  6  7  8  9 10 11 12 13 14 15 16 17 18 19 20 21 22 23 24 25 26 27 |
---------------+----------------------------------------------------------------------------------+-----
Fighting       | 3 4 5 7 8 9 11 12 13 14 15 16 19 20 27 | 27.0
Axes           | 1 3 4 6 8 10 11 13 15 17 18 19 21 23 24 | 24.3
Invocations    | 2 4 5 8 10 12 14 | 14.0
Dodging        | 3 4 5 7 8 9 11 12 14 16 | 16.7
Armour         | 5 8 12 14 15 16 27 | 27.0
Spellcasting   | 4 9 10 12 14 | 14.0
Transmutations | 5 11 13 14 16 | 16.0
Necromancy     | 6 8 13 17 22 27 | 27.0
Maces & Flails | |  2.6
Throwing       | |  1.7

Action                     |  1- 3 |  4- 6 |  7- 9 | 10-12 | 13-15 | 16-18 | 19-21 | 22-24 | 25-27 || total
---------------------------+-------+-------+-------+-------+-------+-------+-------+-------+-------++-------
  Melee: Flail             |    50 |       |       |       |       |       |       |       |       ||    50
         Hand axe          |    65 |    15 |       |       |       |       |       |       |       ||    80
         Punch             |     1 |       |       |       |       |       |       |       |       ||     1
         Whip              |       |   128 |    28 |     4 |       |       |       |       |       ||   160
         War axe           |       |    20 |   396 |    92 |       |   326 |       |       |       ||   834
         Kick              |       |       |    60 |   115 |   110 |   292 |   516 |   362 |  1533 ||  2988
         Battleaxe         |       |       |       |   245 |   763 |   547 |  1097 |   675 |  2870 ||  6197
         Headbutt          |       |       |       |       |       |       |   102 |   233 |   887 ||  1222
         Executioner's axe |       |       |       |       |       |       |    10 |    18 |       ||    28
  Throw: Dart              |     8 |    14 |     5 |     2 |       |       |       |       |       ||    29
         Boomerang         |       |     5 |     3 |     7 |       |       |     8 |       |     2 ||    25
         Javelin           |       |     2 |     6 |       |       |     1 |     2 |       |     2 ||    13
         Throwing net      |       |       |       |     1 |       |       |       |       |       ||     1
   Cast: Necromutation     |       |       |       |       |       |       |       |       |   118 ||   118
         Death's Door      |       |       |       |       |       |       |       |       |     4 ||     4
 Invoke: Slouch            |       |       |       |     1 |     5 |    14 |     2 |       |     1 ||    23
         Step From Time    |       |       |       |       |       |       |       |       |     2 ||     2
Ability: End Transformatio |       |       |       |       |       |       |       |       |     4 ||     4
  Evoke: Wand              |       |    18 |     2 |     1 |       |     7 |    13 |       |    10 ||    51
    Use: Scroll            |     3 |     8 |    12 |     5 |     3 |     6 |     5 |       |    36 ||    78
         Potion            |       |       |       |     3 |     2 |    13 |    10 |     3 |    21 ||    52
   Stab: Sleeping          |       |       |     2 |     1 |     1 |     4 |     3 |       |     1 ||    12
         Invisible         |       |       |       |       |     3 |     4 |    17 |     6 |       ||    30
         Distracted        |       |       |       |       |     2 |     1 |       |       |     7 ||    10
         Confused          |       |       |       |       |       |       |     1 |       |       ||     1
         Petrifying        |       |       |       |       |       |       |       |       |     5 ||     5
         Petrified         |       |       |       |       |       |       |       |       |     3 ||     3
 Armour: Leather armour    |     8 |       |       |       |       |       |       |       |       ||     8
         Ring mail         |    20 |    42 |    92 |    29 |   215 |   182 |    56 |       |       ||   636
         Steam dragon scal |       |       |       |    21 |       |       |       |       |       ||    21
         Chain mail        |       |       |       |    27 |       |       |       |       |       ||    27
         Crystal plate arm |       |       |       |       |       |       |   532 |   345 |    99 ||   976
         Fire dragon scale |       |       |       |       |       |       |       |       |   249 ||   249
         Ice dragon scales |       |       |       |       |       |       |       |       |    93 ||    93
         Storm dragon scal |       |       |       |       |       |       |       |       |  1302 ||  1302
  Dodge: Dodged            |    89 |   121 |   307 |   378 |   919 |  1003 |  1293 |   866 |  5697 || 10673
  Block: Buckler           |       |     7 |    68 |    11 |       |       |       |       |       ||    86
         Kite shield       |       |       |       |       |       |   151 |       |       |       ||   151
         Reflection        |       |       |       |       |       |    23 |       |       |       ||    23

Table legend: (Time is in decaauts)
 A = Elapsed time spent in this place.
 B = Non-inter-level travel time spent in this place.
 C = Inter-level travel time spent in this place.
 D = Time resting spent in this place.
 E = Time spent auto-exploring this place.
 F = Levels seen in this place.
 G = Mean time per level.
                   A        B        C        D        E       F      G
               +--------+--------+--------+--------+--------+-----+--------+
         Total | 103415 |  90710 |  12705 |   2188 |  54411 |  96 | 1077.2 |
       Dungeon |  24723 |  20551 |   4172 |    574 |  14560 |  15 | 1648.2 |
        Temple |    209 |    189 |     20 |      0 |    171 |   1 |  209.0 |
          Lair |   8939 |   7427 |   1512 |    155 |   5282 |   5 | 1787.8 |
         Swamp |   3474 |   3281 |    193 |      0 |   2226 |   4 |  868.5 |
     Snake Pit |   7154 |   6701 |    453 |      0 |   4791 |   4 | 1788.5 |
    Slime Pits |   1311 |   1212 |     99 |     36 |    116 |   5 |  262.2 |
  Orcish Mines |   2452 |   2012 |    440 |      0 |   1501 |   2 | 1226.0 |
   Elven Halls |   5945 |   5584 |    361 |    181 |   2957 |   3 | 1981.7 |
        Vaults |  11680 |  10017 |   1663 |      0 |   6138 |   5 | 2336.0 |
         Crypt |   4992 |   4455 |    537 |      0 |   2852 |   3 | 1664.0 |
          Tomb |   4791 |   4055 |    736 |     76 |   2029 |   3 | 1597.0 |
        Depths |   9281 |   7554 |   1727 |    107 |   5400 |   4 | 2320.2 |
          Hell |    108 |    108 |      0 |      0 |      0 |   1 |  108.0 |
           Zot |   9094 |   8308 |    786 |    191 |   6112 |   5 | 1818.8 |
         Abyss |    649 |    649 |      0 |      0 |      0 |   4 |  162.2 |
   Pandemonium |   6175 |   6175 |      0 |    679 |    274 |  16 |  385.9 |
      Ziggurat |   1053 |   1053 |      0 |     47 |      0 |  13 |   81.0 |
         Trove |    137 |    137 |      0 |      0 |      0 |   1 |  137.0 |
       Ossuary |    547 |    547 |      0 |     57 |      0 |   1 |  547.0 |
       Volcano |    693 |    693 |      0 |     85 |      0 |   1 |  693.0 |
               +--------+--------+--------+--------+--------+-----+--------+

Top non-repeatable levels by time:
Vaults:1: 2868 daAuts
Depths:4: 2796 daAuts
Vaults:2: 2567 daAuts
  Tomb:1: 2552 daAuts
Depths:2: 2543 daAuts
    D:15: 2438 daAuts
   Elf:3: 2397 daAuts
Vaults:3: 2360 daAuts
     D:9: 2329 daAuts
    D:10: 2300 daAuts
Depths:3: 2234 daAuts
   Zot:4: 2214 daAuts
 Snake:4: 2201 daAuts
    D:13: 2124 daAuts
  Lair:2: 2113 daAuts
